3AAA
SIOUX FALLS RED PANDAS @ SCRANTON SUPERNOVAS
07/10/2028
 
TOP OF THE 1ST
Sioux Falls Red Pandas batting - Pitching for Scranton Supernovas : LHP Masami Kogawa
Pitching: LHP Masami Kogawa
Batting: RHB Bryant Skelly 0-0: Ball
1-0: Ball
2-0: Ball
3-0: Called Strike
3-1: Base on Balls
Batting: RHB Jorge Díaz 0-0: Ball
1-0: Swinging Strike
1-1: Called Strike
1-2: Ball
2-2: Grounds into double play, 6-4-3 (Groundball, 6M)
Batting: RHB Alan Rosales 0-0: Ball
1-0: Ball
2-0: Swinging Strike
2-1: Ball
3-1: Called Strike
3-2: Strikes out swinging
Top of the 1st over - 0 run(s), 0 hit(s), 0 error(s), 0 left on base; Sioux Falls 0 - Scranton 0
BOTTOM OF THE 1ST
Scranton Supernovas batting - Pitching for Sioux Falls Red Pandas : RHP Greg White
Pitching: RHP Greg White
Batting: RHB Senior Pond 0-0: Called Strike
0-1: Ball
1-1: Called Strike
1-2: Reached on error, E5 (Groundball, 56)
Batting: RHB Nobuhiko Nakayama 0-0: Called Strike
0-1: Swinging Strike
0-2: Ball
1-2: Ball
2-2: Foul Ball, location: 2F
2-2: Foul Ball, location: 2F
2-2: Strikes out looking
Batting: SHB Sam Quint 0-0: Fly out, F5 (Popup, 56)
Batting: LHB Tony Vega 0-0: Ball
1-0: Ball
2-0: Ball
3-0: Called Strike
3-1: Swinging Strike
3-2: Foul Ball, location: 2F
3-2: Foul Ball, location: 2F
3-2: Base on Balls
Batting: RHB Felipe Bruno 0-0: Fly out, F9 (Flyball, 9LMF)
Bottom of the 1st over - 0 run(s), 0 hit(s), 1 error(s), 2 left on base; Sioux Falls 0 - Scranton 0
TOP OF THE 2ND
Sioux Falls Red Pandas batting - Pitching for Scranton Supernovas : LHP Masami Kogawa
Batting: LHB Augustus Driscoll 0-0: Called Strike
0-1: Foul Ball, location: 2F
0-2: Strikes out swinging
Batting: RHB Jon Erickson 0-0: Called Strike
0-1: Ball
1-1: Ground out 6-3 (Groundball, 6)
Batting: LHB Toyokazu Asano 0-0: Called Strike
0-1: Ground out U3 (Groundball, 34S)
Top of the 2nd over - 0 run(s), 0 hit(s), 0 error(s), 0 left on base; Sioux Falls 0 - Scranton 0
BOTTOM OF THE 2ND
Scranton Supernovas batting - Pitching for Sioux Falls Red Pandas : RHP Greg White
Batting: LHB Phillip Tinker 0-0: Ball
1-0: Fly out, F7 (Flyball, 7)
Batting: RHB Dong-po Tien 0-0: Swinging Strike
0-1: Ball
1-1: Ball
2-1: Foul Ball, location: 2F
2-2: Ball
3-2: Base on Balls
Batting: RHB Brad Jacobson 0-0: Foul Ball, location: 2F
0-1: Ball
1-1: Called Strike
1-2: Strikes out looking
Batting: RHB Kent Summey 0-0: Called Strike
0-1: Ball
1-1: Foul Ball, location: 2F
1-2: Ball
2-2: Foul Ball, location: 2F
2-2: Foul Ball, location: 2F
2-2: Ball
3-2: Fly out, F4 (Popup, 4D)
Bottom of the 2nd over - 0 run(s), 0 hit(s), 0 error(s), 1 left on base; Sioux Falls 0 - Scranton 0
TOP OF THE 3RD
Sioux Falls Red Pandas batting - Pitching for Scranton Supernovas : LHP Masami Kogawa
Batting: RHB Tim Barnes 0-0: Ball
1-0: Called Strike
1-1: Swinging Strike
1-2: Foul Ball, location: 2F
1-2: Foul Ball, location: 2F
1-2: Reached on error, E6 (Groundball, 6)
Batting: SHB Raúl Duarte 0-0: Foul Ball, location: 2F
0-1: Ball
1-1: Called Strike
1-2: Grounds into double play, 5-4-3 (Groundball, 56)
Batting: RHB Mark Allen 0-0: Ball
1-0: Ground out 4-3 (Groundball, 4M)
Top of the 3rd over - 0 run(s), 0 hit(s), 1 error(s), 0 left on base; Sioux Falls 0 - Scranton 0
BOTTOM OF THE 3RD
Scranton Supernovas batting - Pitching for Sioux Falls Red Pandas : RHP Greg White
Batting: RHB Senior Pond 0-0: Ball
1-0: Bunt for hit - play at first, batter OUT! 1-3
Batting: RHB Nobuhiko Nakayama 0-0: Fly out, F8 (Flyball, 8LD)
Batting: SHB Sam Quint 0-0: Ball
1-0: Foul Ball, location: 2F
1-1: Ball
2-1: Foul Ball, location: 2F
2-2: Ball
3-2: Base on Balls
Batting: LHB Tony Vega 0-0: Foul Ball, location: 2F
0-1: Called Strike
0-2: Ball
1-2: Fielders Choice at 2nd, 4-6 (Groundball, 4)
Bottom of the 3rd over - 0 run(s), 0 hit(s), 0 error(s), 0 left on base; Sioux Falls 0 - Scranton 0
TOP OF THE 4TH
Sioux Falls Red Pandas batting - Pitching for Scranton Supernovas : LHP Masami Kogawa
Batting: RHB Bryant Skelly 0-0: Swinging Strike
0-1: Foul Ball, location: 2F
0-2: Strikes out swinging
Batting: RHB Jorge Díaz 0-0: Called Strike
0-1: Swinging Strike
0-2: Foul Ball, location: 2F
0-2: Ground out 6-3 (Groundball, 6S)
Batting: RHB Alan Rosales 0-0: Foul Ball, location: 2F
0-1: Ground out 6-3 (Groundball, 6)
Top of the 4th over - 0 run(s), 0 hit(s), 0 error(s), 0 left on base; Sioux Falls 0 - Scranton 0
BOTTOM OF THE 4TH
Scranton Supernovas batting - Pitching for Sioux Falls Red Pandas : RHP Greg White
Batting: RHB Felipe Bruno 0-0: Fly out, F8 (Flyball, 8LS)
Batting: LHB Phillip Tinker 0-0: Ball
1-0: Ball
2-0: Ball
3-0: Base on Balls
Batting: RHB Dong-po Tien 0-0: Ball
1-0: Foul Ball, location: 2F
1-1: Fly out, F4 (Line Drive, 4M)
Batting: RHB Brad Jacobson 0-0: Ball
1-0: Called Strike
1-1: Ball
2-1: Fielders Choice at 2nd, 6-4 (Groundball, 6)
Bottom of the 4th over - 0 run(s), 0 hit(s), 0 error(s), 0 left on base; Sioux Falls 0 - Scranton 0
TOP OF THE 5TH
Sioux Falls Red Pandas batting - Pitching for Scranton Supernovas : LHP Masami Kogawa
Batting: LHB Augustus Driscoll 0-0: Foul Ball, location: 2F
0-1: Called Strike
0-2: Foul Ball, location: 2F
0-2: Ball
1-2: Ground out 6-3 (Groundball, 6)
Batting: RHB Jon Erickson 0-0: Called Strike
0-1: Ground out 5-3 (Groundball, 56)
Batting: LHB Toyokazu Asano 0-0: Foul Ball, location: 2F
0-1: Foul Ball, location: 2F
0-2: Foul Ball, location: 2F
0-2: Strikes out looking
Top of the 5th over - 0 run(s), 0 hit(s), 0 error(s), 0 left on base; Sioux Falls 0 - Scranton 0
BOTTOM OF THE 5TH
Scranton Supernovas batting - Pitching for Sioux Falls Red Pandas : RHP Greg White
Batting: RHB Kent Summey 0-0: Ground out 1-3 (Groundball, P)
Batting: RHB Senior Pond 0-0: Ball
1-0: Ball
2-0: Called Strike
2-1: Swinging Strike
2-2: Foul Ball, location: 2F
2-2: Ground out 6-3 (Groundball, 6)
Batting: RHB Nobuhiko Nakayama 0-0: Called Strike
0-1: Swinging Strike
0-2: Strikes out looking
Bottom of the 5th over - 0 run(s), 0 hit(s), 0 error(s), 0 left on base; Sioux Falls 0 - Scranton 0
TOP OF THE 6TH
Sioux Falls Red Pandas batting - Pitching for Scranton Supernovas : LHP Masami Kogawa
Batting: RHB Tim Barnes 0-0: Ground out 4-3 (Groundball, 4)
Batting: SHB Raúl Duarte 0-0: Called Strike
0-1: Foul Ball, location: 2F
0-2: Foul Ball, location: 2F
0-2: Foul Ball, location: 2F
0-2: Foul Ball, location: 2F
0-2: Foul Ball, location: 2F
0-2: Ball
1-2: SINGLE (Groundball, 56) (infield hit)
Batting: RHB Mark Allen 0-0: Foul Ball, location: 2F
0-1: Ball
1-1: Ball
Raúl Duarte steals 2nd base
2-1: Swinging Strike
2-2: Ball
3-2: Ground out 5-3 (Groundball, 56)
Batting: RHB Bryant Skelly 0-0: Called Strike
0-1: Foul Ball, location: 2F
0-2: Foul Ball, location: 2F
0-2: Strikes out swinging
Top of the 6th over - 0 run(s), 1 hit(s), 0 error(s), 1 left on base; Sioux Falls 0 - Scranton 0
BOTTOM OF THE 6TH
Scranton Supernovas batting - Pitching for Sioux Falls Red Pandas : RHP Greg White
Batting: SHB Sam Quint 0-0: Ball
1-0: Foul Ball, location: 2F
1-1: Swinging Strike
1-2: Strikes out swinging
Batting: LHB Tony Vega 0-0: Ball
1-0: Called Strike
1-1: Swinging Strike
1-2: Ball
2-2: Ball
3-2: Foul Ball, location: 2F
3-2: Base on Balls
Batting: RHB Felipe Bruno 0-0: Ball
1-0: SINGLE (Groundball, 6) (infield hit)
Tony Vega to second
Pitching: RHP Loeck Visser
Batting: LHB Phillip Tinker 0-0: Ball
Wild Pitch!
Tony Vega to third
Felipe Bruno to second
1-0: Ball
2-0: Swinging Strike
2-1: Swinging Strike
2-2: Strikes out looking
Batting: RHB Dong-po Tien 0-0: Ground out 4-3 (Groundball, 34)
Bottom of the 6th over - 0 run(s), 1 hit(s), 0 error(s), 2 left on base; Sioux Falls 0 - Scranton 0
TOP OF THE 7TH
Sioux Falls Red Pandas batting - Pitching for Scranton Supernovas : LHP Masami Kogawa
Batting: RHB Jorge Díaz 0-0: Ball
1-0: Ground out 6-3 (Groundball, 6)
Batting: RHB Alan Rosales 0-0: Ball
1-0: Foul Ball, location: 2F
1-1: Ball
2-1: Fly out, F8 (Flyball, 8RD)
Batting: LHB Augustus Driscoll 0-0: Called Strike
0-1: Ball
1-1: Ball
2-1: Foul Ball, location: 2F
2-2: Ball
3-2: Base on Balls
Batting: RHB Jon Erickson 0-0: Swinging Strike
0-1: Called Strike
0-2: Ball
1-2: Foul Ball, location: 2F
1-2: Fly out, F7 (Flyball, 78S)
Top of the 7th over - 0 run(s), 0 hit(s), 0 error(s), 1 left on base; Sioux Falls 0 - Scranton 0
BOTTOM OF THE 7TH
Scranton Supernovas batting - Pitching for Sioux Falls Red Pandas : RHP Loeck Visser
Batting: RHB Brad Jacobson 0-0: Swinging Strike
0-1: Foul Ball, location: 2F
0-2: Ball
1-2: SINGLE (Line Drive, 8LS)
Pinch Hitting: SHB Alonso Solís 0-0: Sac Bunt - play at first, batter OUT! 5-4
Brad Jacobson to second
Batting: RHB Senior Pond 0-0: Called Strike
0-1: Swinging Strike
0-2: Strikes out swinging
Batting: RHB Nobuhiko Nakayama 0-0: SINGLE (Groundball, 56D)
Brad Jacobson to third
Runner from 3rd tries for Home, SAFE, no throw
Batting: SHB Sam Quint 0-0: Foul Ball, location: 2F
0-1: Ball
1-1: Ball
2-1: Foul Ball, location: 2F
2-2: Foul Ball, location: 2F
2-2: Strikes out swinging
Bottom of the 7th over - 1 run(s), 2 hit(s), 0 error(s), 1 left on base; Sioux Falls 0 - Scranton 1
TOP OF THE 8TH
Sioux Falls Red Pandas batting - Pitching for Scranton Supernovas : LHP Masami Kogawa
Now at SS: Alonso Solís
Now in LF: Keith MacKey
Now in RF: José Pacheco
Batting: LHB Toyokazu Asano 0-0: Ball
1-0: Fly out, F4 (Popup, 4D)
Batting: RHB Tim Barnes 0-0: Ball
1-0: Called Strike
1-1: Swinging Strike
1-2: Strikes out looking
Batting: SHB Raúl Duarte 0-0: Ball
1-0: Foul Ball, location: 2F
1-1: Ball
2-1: Foul Ball, location: 2F
2-2: DOUBLE (Line Drive, 7LM)
Pinch Hitting: RHB Yoshifumi Sato 0-0: Ground out 5-3 (Groundball, 56)
Top of the 8th over - 0 run(s), 1 hit(s), 0 error(s), 1 left on base; Sioux Falls 0 - Scranton 1
BOTTOM OF THE 8TH
Scranton Supernovas batting - Pitching for Sioux Falls Red Pandas : RHP Loeck Visser
Now at 1B: Jonah Moody
Batting: LHB Tony Vega 0-0: Ball
1-0: Ball
2-0: Called Strike
2-1: Foul Ball, location: 2F
2-2: Foul Ball, location: 2F
2-2: Foul Ball, location: 2F
2-2: Ball
3-2: Fly out, F7 (Flyball, 7LSF)
Batting: RHB Felipe Bruno 0-0: Called Strike
0-1: Fly out, F8 (Flyball, 8LXD)
Batting: LHB Phillip Tinker 0-0: Fly out, F7 (Flyball, 7LS)
Bottom of the 8th over - 0 run(s), 0 hit(s), 0 error(s), 0 left on base; Sioux Falls 0 - Scranton 1
TOP OF THE 9TH
Sioux Falls Red Pandas batting - Pitching for Scranton Supernovas : LHP Masami Kogawa
Pitching: LHP Jeff Schneider
Now at 1B: Pedro Rivera
Batting: RHB Bryant Skelly 0-0: Foul Ball, location: 2F
0-1: Ball
1-1: Called Strike
1-2: Ball
2-2: Foul Ball, location: 2F
2-2: Ball
3-2: Fly out, F7 (Flyball, 7LMF)
Batting: RHB Jorge Díaz 0-0: Called Strike
0-1: Ball
1-1: Ball
2-1: Fly out, F6 (Line Drive, 6)
Batting: RHB Alan Rosales 0-0: Ball
1-0: Ball
2-0: Ball
3-0: Called Strike
3-1: Fly out, F8 (Flyball, 8RXD)
Top of the 9th over - 0 run(s), 0 hit(s), 0 error(s), 0 left on base; Sioux Falls 0 - Scranton 1
Monday, August 14th, 2017 - OOTP Baseball 17.12 Build 75